Map: Invader LE

Players

blackxored - Winner!

  • Race: Zerg Zerg
  • League: Platinum

kanibus

  • Race: Terran Terran
  • League: Platinum

VOD

Have the link to the VOD?

Description

Time

  • Played on: June 26, 2016, 2:41 p.m.
  • Length: 17:36
Show
View Real Time Build Order
Export as new Build Order

blackxored Zerg - Winner!

Build Orders: Hatch First, Muta Ling Bane 

Get SALT Encoding   

  12  0:01  Drone  
  13  0:08  Drone  
  14  0:17  Overlord  
  14  0:22  Extractor  
  14  0:23  Drone  
  15  0:40  Drone x2  
  17  0:55  Hatchery  
  16  0:58  Drone  
  16  1:00  Drone  
  18  1:12  Extractor  
  18  1:14  Spawning Pool  
  18  1:17  Drone  
  17  1:20  Drone  
  18  1:28  Drone  
  19  1:44  Overlord  
  19  1:50  Drone  
  20  2:02  Queen  
  20  2:05  Zergling x2  
  20  2:07  Queen  
  20  2:08  Zergling x2  
  26  2:11  Zergling x2  
  26  2:14  Metabolic Boost  
  27  2:18  Drone  
  27  2:22  Drone  
  29  2:32  Drone x2  
  31  2:46  Hatchery  
  31  2:51  Pneumatized Carapace  
  30  2:55  Drone x3  
  33  2:58  Overlord  
  33  3:07  Queen  
  35  3:20  Drone x5  
  40  3:30  Drone x3  
  42  3:34  Overlord  
  42  3:35  Overlord  
  42  3:56  Spore Crawler  
  42  3:57  Spore Crawler  
  40  4:03  Drone x6  
  40  4:07  Spore Crawler  
  40  4:09  Spore Crawler  
  44  4:10  Lair  
  44  4:22  Spore Crawler x2  
  42  4:24  Drone  
  42  4:26  Spore Crawler  
  42  4:30  Baneling Nest  
  41  4:34  Queen  
  41  4:38  Queen  
  45  4:39  Zergling x10  
  50  4:47  Drone x2  
  52  5:00  Zergling x10  
  57  5:07  Overlord  
  57  5:08  Overlord x3  
  57  5:13  Extractor  
  56  5:15  Drone  
  57  5:22  Spire, Drone  
  57  5:26  Queen  
  59  5:38  Queen  
  59  5:40  Drone x3  
  64  5:43  Baneling  
  64  5:45  Baneling x2  
  64  5:46  Baneling x2  
  64  5:52  Drone  
  64  5:53  Drone x3  
  64  5:54  Drone x5  
  73  5:58  Extractor  
  73  6:00  Extractor  
  73  6:01  Zergling x8  
  71  6:30  Drone  
  75  6:32  Drone x3  
  75  6:33  Drone x5  
  75  6:37  Overseer  
  75  6:39  Zerg Flyer Weapons Level 1  
  80  6:48  Drone  
  80  6:51  Overlord x2  
  81  6:59  Drone, Hatchery  
  81  7:02  Overlord x2  
  81  7:04  Overlord x2  
  82  7:15  Drone x2  
  82  7:16  Drone x2  
  82  7:17  Queen  
  85  7:42  Spine Crawler  
  85  7:43  Mutalisk x7  
  98  7:46  Drone x4  
  98  7:47  Drone x2  
  98  7:51  Extractor  
  103  7:53  Extractor, Centrifical Hooks  
  103  7:54  Evolution Chamber  
  103  7:55  Zergling x6, Evolution Chamber  
  103  8:02  Drone x3  
  106  8:17  Mutalisk  
  106  8:18  Mutalisk  
  110  8:21  Hatchery  
  107  8:34  Drone  
  107  8:36  Zergling x30  
  107  8:38  Baneling  
  107  8:39  Baneling x9  
  123  8:48  Zergling x10  
  125  8:49  Zergling x2  
  125  8:50  Baneling  
  125  8:51  Baneling x5  
  129  8:57  Drone  
  130  9:08  Zerg Melee Weapons Level 1  
  130  9:09  Zerg Ground Armor Level 1  
  130  9:14  Drone x6  
  136  9:23  Overlord x2  
  136  9:24  Overlord  
  136  9:36  Overseer  
  136  9:44  Spore Crawler  
  135  9:46  Zergling x28  
  135  9:47  Zergling x2  
  150  9:57  Hatchery  
  145  10:07  Drone x13  
  152  10:30  Mutalisk x2  
  152  10:31  Mutalisk  
  152  10:33  Overlord x5  
  156  10:49  Corruptor x4  
  154  10:53  Extractor  
  154  10:54  Extractor  
  154  10:55  Overlord x4, Extractor  
  154  10:56  Extractor  
  154  10:59  Drone  
  154  11:00  Infestation Pit  
  154  11:04  Zerg Ground Armor Level 2, Zerg Melee Weapons Level 2  
  154  11:17  Overseer x2  
  154  11:18  Zergling x2  
  154  11:19  Zergling x30  
  154  11:22  Baneling x7  
  154  11:23  Baneling x6  
  154  11:24  Baneling x5  
  170  11:58  Corruptor x4  
  167  12:17  Mutalisk x2  
  167  12:18  Mutalisk  
  173  12:38  Zergling x28  
  173  12:39  Zergling x16  
  173  12:42  Baneling x6  
  173  12:43  Hive  
  195  12:50  Drone  
  195  12:51  Drone x2  
  198  13:10  Zergling x2  
  163  13:38  Zergling x34  
  163  13:39  Zergling x18  
  175  13:53  Baneling x4  
  175  13:54  Baneling x28  
  175  14:02  Drone x11  
  186  14:03  Drone  
  186  14:29  Hatchery  
  171  14:47  Zerg Melee Weapons Level 3, Zerg Ground Armor Level 3  
  171  14:49  Ultralisk Cavern  
  158  15:13  Mutalisk x13  
  170  15:27  Drone x4  
  172  15:30  Drone x3  
  172  15:31  Extractor  
  172  15:34  Baneling x16  
  174  15:37  Zergling x24  
  174  15:41  Chitinous Plating  
  186  16:33  Corruptor x6  
Show
View Real Time Build Order
Export as new Build Order

kanibus Terran 

Build Orders: Command Center First (CC) 

Get SALT Encoding   

  12  0:01  SCV  
  13  0:13  SCV  
  14  0:18  Supply Depot  
  14  0:26  SCV  
  15  0:40  SCV  
  16  0:52  SCV  
  17  1:02  Command Center  
  17  1:05  SCV  
  17  1:11  Refinery  
  18  1:17  SCV  
  19  1:26  Barracks  
  19  1:32  SCV  
  20  1:45  Refinery  
  20  1:46  SCV  
  21  1:58  SCV  
  22  2:13  Orbital Command  
  22  2:14  Orbital Command  
  22  2:20  Factory  
  22  2:23  Marine  
  23  2:39  SCV  
  23  2:40  Marine, SCV  
  26  2:51  SCV  
  26  2:52  SCV  
  28  3:04  Starport  
  28  3:06  Starport, Hellion  
  30  3:14  Marine  
  30  3:33  Hellion  
  32  3:37  Marine  
  32  3:40  Supply Depot, SCV  
  34  3:45  Starport Tech Lab  
  34  3:46  Starport Tech Lab  
  34  3:58  Marine  
  34  4:01  Engineering Bay  
  35  4:05  Barracks  
  35  4:06  Barracks  
  35  4:09  Engineering Bay  
  35  4:12  Engineering Bay  
  35  4:17  Cloaking Field  
  35  4:19  Raven  
  35  4:20  Banshee  
  40  4:31  Supply Depot  
  40  4:32  SCV  
  40  4:34  SCV  
  42  4:39  Terran Infantry Weapons Level 1  
  42  4:49  SCV  
  43  4:54  Refinery  
  43  4:57  Refinery, Terran Infantry Armor Level 1  
  43  5:02  SCV x2, Factory Tech Lab  
  45  5:11  Banshee  
  45  5:14  Marine, SCV x2  
  50  5:15  Marine x2  
  53  5:40  Barracks Reactor  
  53  5:44  Supply Depot  
  53  5:45  Supply Depot  
  53  5:47  Marine  
  54  5:52  Command Center  
  54  6:06  Marine x2, Hellion, Banshee  
  61  6:23  Marine  
  62  6:56  Marine  
  62  6:57  Marine x2  
  62  6:59  Starport Reactor  
  65  7:02  Starport Reactor  
  65  7:04  SCV x2, Armory  
  67  7:14  Marine x2  
  69  7:17  Marine x2  
  69  7:21  Siege Tank  
  74  7:32  Marine x2  
  74  7:35  Marine x2  
  78  7:41  Medivac  
  78  7:42  Medivac  
  82  7:47  SCV x2  
  82  7:49  Armory  
  82  7:50  Marine  
  85  7:56  Starport  
  85  8:01  Supply Depot x2  
  85  8:03  Supply Depot  
  85  8:04  Supply Depot x2  
  85  8:08  Marine x4, SCV x2  
  91  8:12  Supply Depot  
  91  8:13  Terran Infantry Weapons Level 2  
  91  8:16  Fusion Core  
  91  8:20  SCV x2  
  93  8:32  SCV  
  94  8:42  Stimpack, Combat Shields  
  94  8:46  Starport Tech Lab  
  94  8:53  Terran Ship Weapons Level 1, Terran Vehicle And Ship Armor Level 1  
  94  9:12  Viking x2  
  94  9:14  SCV x2  
  101  9:18  SCV  
  101  9:26  SCV x2  
  101  9:29  Liberator  
  101  9:30  Liberator  
  101  9:31  SCV  
  104  9:38  SCV  
  104  9:39  SCV  
  104  9:52  Orbital Command  
  110  10:07  Supply Depot  
  110  10:11  Supply Depot  
  106  10:50  Marine x4  
  106  10:51  SCV x3  
  113  11:03  SCV x2  
  113  11:04  SCV  
  116  11:08  Marine  
  117  11:15  Refinery, SCV  
  117  11:17  Missile Turret  
  118  11:19  Refinery, Missile Turret  
  118  11:21  Marine x3  
  118  11:22  Missile Turret  
  121  11:25  Marine  
  122  11:38  Marine  
  122  11:39  Marine x2  
  125  11:43  Marine  
  112  11:52  Orbital Command  
  108  11:56  Marine  
  108  11:57  Marine x2  
  108  12:01  Marine, Fusion Core  
  108  12:07  Missile Turret x2  
  109  12:08  Missile Turret  
  109  12:14  Marine  
  109  12:15  Marine x2  
  108  12:19  Command Center  
  108  12:21  Command Center  
  108  12:22  SCV x3  
  109  12:34  SCV x2  
  109  12:35  SCV  
  112  12:38  Liberator x4  
  112  12:39  Terran Infantry Armor Level 2  
  112  12:46  SCV  
  112  12:50  SCV x2  
  127  12:58  SCV  
  127  13:02  SCV x2  
  130  13:10  SCV  
  131  13:14  SCV x2  
  133  13:23  SCV  
  71  13:42  Marine  
  71  13:43  Marine x3  
  59  14:00  Marine x2  
  61  14:18  Marine x2  
  61  14:21  Planetary Fortress  
  63  14:36  Marine x2  
  65  14:54  Marine x2  
  52  15:11  Marine x3  
  52  15:12  Marine x2  
  47  15:14  Battlecruiser x2  
  47  15:16  SCV  
  47  15:17  SCV  
  47  15:19  Planetary Fortress  
  60  15:28  SCV  
  60  15:29  Marine x3, SCV  
  65  15:40  SCV  
  37  16:58  Starport Tech Lab x2  
  37  17:13  Starport Tech Lab x2  
Tags
 
Add a new tag
Caveats
  • Supply blocks, unpowered buildings, or Contaminate may cause inaccurate times.
  • Supply counts are checked every 10 seconds.